 Dungeon Crawl Stone Soup version 0.26-a0-365-g11c2b627af (webtiles) character file.

Game seed: 16884723160666786393

525 Glokmah the Chiller (level 7, -1/40 HPs)
             Began as a Gargoyle Ice Elementalist on July 19, 2020.
             Was a Follower of Nemelex Xobeh.
             Killed by divine providence
             ... invoked by a smoke demon
             ... summoned by the player character
              (15 damage)
             ... on level 4 of the Dungeon.
             The game lasted 00:09:00 (2917 turns).

Glokmah the Chiller (Gargoyle Ice Elementalist)     Turns: 2917, Time: 00:09:01

Health: -1/40      AC:  8    Str: 11    XL:     7   Next: 22%
Magic:  2/11       EV: 12    Int: 18    God:    Nemelex Xobeh [*.....]
Gold:   128        SH:  0    Dex: 10    Spells: 5/12 levels left

rFire    . . .     SeeInvis .   a - +2 dagger (elec)
rCold    . . .     Faith    .   (no shield)
rNeg     + . .     Spirit   .   r - +0 robe
rPois    ∞         Reflect  .   (no helmet)
rElec    +         Harm     .   q - +0 cloak
rCorr    +                      p - +0 pair of gloves
MR       .....                  (no boots)
Stlth    ++........             (no amulet)
HPRegen  0.13/turn              m - ring of resist corrosion
MPRegen  0.12/turn              l - ring of flight

@: very slightly contaminated
A: negative energy resistance 1, electricity resistance, unbreathing,
petrification resistance, rot immunity, AC +4
a: Draw Escape, Draw Destruction, Draw Summoning, Renounce Religion, Evoke
Flight


You were on level 4 of the Dungeon.
You worshipped Nemelex Xobeh.
Nemelex Xobeh was aware of your devotion.
You visited 1 branch of the dungeon, and saw 5 of its levels.

You collected 128 gold pieces.

Inventory:

Hand Weapons
 a - a +2 dagger of electrocution (weapon)
 b - a +0 dagger of pain
Missiles
 c - 15 poisoned darts (quivered)
 k - 8 boomerangs
Armour
 e - a +0 tower shield
 h - a +1 kite shield
 p - a +0 pair of gloves (worn)
 q - a +0 cloak (worn)
 r - a +0 robe (worn)
Jewellery
 l - a ring of flight (right hand)
 m - a ring of resist corrosion (left hand)
Scrolls
 d - a scroll of identify
 f - 2 scrolls of remove curse
 o - a scroll of blinking
Potions
 g - 2 potions of haste
 i - 2 potions of flight {unknown}
 j - a potion of stabbing {unknown}
 n - 2 potions of curing {unknown}
 s - a potion of ambrosia {unknown}


   Skills:
 + Level 2.7 Fighting
 + Level 2.8 Dodging
 - Level 2.1 Stealth
 + Level 2.5 Shields
 + Level 3.1 Spellcasting
 * Level 5.6 Ice Magic
 + Level 2.8 Invocations


You had 5 spell levels left.
You knew the following spells:

 Your Spells              Type           Power        Failure   Level
a - Freeze                Ice            ###.         1%          1
b - Frozen Ramparts       Ice            ###...       4%          3
c - Ozocubu's Armour      Ice            ###.....     4%          3

Your spell library contained the following spells:

 Spells                   Type           Power        Failure   Level
 Hailstorm                Conj/Ice       ##......     45%         4
 Summon Ice Beast         Ice/Summ       ##......     45%         4


Dungeon Overview and Level Annotations

Branches:
Dungeon (5/15)
 Temple: D:4-7

Altars:
Nemelex Xobeh
Wu Jian

Shops:
D:4 }   D:5 (

Annotations:
D:4 Grinder


Innate Abilities, Weirdness & Mutations

You are resistant to torment.
Your stone body is resilient. (AC +4)
You are immune to poison.
You resist negative energy. (rN+)
You are resistant to electric shocks. (rElec)
You can survive without breathing.
You are immune to petrification.
You are immune to rotting.


Message History

The smoke demon is knocked back by the lance of force.
You hit Grinder.
Grinder is lightly wounded.
Grinder hits you.
You hit Grinder.
Grinder is moderately wounded.
Grinder hits you.
Your rakshasa blinks!
The smoke demon gestures at you. The ball of steam hits you!
You hit Grinder but do no damage. Lightning courses through Grinder!
Grinder is heavily wounded.
You are engulfed in a cloud of scalding steam.
Grinder is engulfed in a cloud of scalding steam.
Grinder says, "Tell me all your secrets, or I'll kill you."
Grinder closely misses you. The smoke demon gestures at you.
Something smites you!
You die...
Your body disappears without a glow.

#.......# #...# #...
#.......# #...##.###.
#.......# ##.....# #.
#.......# #.##### ##
#.....[.# #.########
####.......# #.##......
#........§.#######.##....##
#.......§§§5§..............
#.####....@.§......##....#.
#.####...§§§§§§.#####....#.
#.#........R..3.# #.....#.
#.#.............# #...####
#.#.....######### #... #.
#.#.....# #. #.#♣♣♣♣## #.
#♣♣ #. #.


You could see Grinder, a smoke demon (summoned) and a friendly rakshasa
(summoned).

Vanquished Creatures
  An ogre (D:5)
  A jelly (D:5)
  An orc priest (D:4)
  3 hounds
  2 orc wizards
  Jessica (D:2)
  2 adders
  An ooze (D:4)
  An adder skeleton (D:4)
  4 leopard geckos
  9 orcs
  2 bats
  3 giant cockroaches
  4 goblins
  8 hobgoblins
  4 jackals (D:2)
  6 kobolds
  2 quokkas
  3 ball pythons (D:1)
  6 frilled lizards
  A leopard gecko zombie (D:5)
  9 rats
74 creatures vanquished.

Vanquished Creatures (collateral kills)
  A bullfrog zombie (D:5)
  A jelly (D:5)
  An orc priest (D:5)
  A bullfrog skeleton (D:5)
  An orc wizard (D:5)
  A gnoll (D:5)
  2 orcs (D:5)
8 creatures vanquished.

Vanquished Creatures (others)
  2 plants (D:4)
2 creatures vanquished.

Grand Total: 84 creatures vanquished

Notes
Turn   | Place    | Note
-------+----------+-------------------------------------------
     0 | D:1      | Glokmah the Gargoyle Ice Elementalist began the quest for
                  | the Orb.
     0 | D:1      | Reached XP level 1. HP: 10/10 MP: 3/3
   109 | D:1      | Found a sparkling altar of Nemelex Xobeh.
   115 | D:1      | Became a worshipper of Nemelex Xobeh the Trickster
   154 | D:1      | Reached XP level 2. HP: 15/16 MP: 0/5
  1083 | D:2      | Reached XP level 3. HP: 19/20 MP: 4/6
  1104 | D:1      | Learned a level 3 spell: Frozen Ramparts
  1167 | D:2      | Found an ornate altar of the Wu Jian Council.
  1168 | D:2      | Received a gift from Nemelex Xobeh
  1249 | D:2      | Reached skill level 1 in Invocations
  1453 | D:2      | Noticed Jessica
  1460 | D:2      | Killed Jessica
  1460 | D:2      | Reached skill level 1 in Fighting
  1460 | D:2      | Reached skill level 1 in Shields
  1460 | D:2      | Reached XP level 4. HP: 15/25 MP: 2/7
  2045 | D:2      | Learned a level 3 spell: Ozocubu's Armour
  2152 | D:3      | Reached * piety under Nemelex Xobeh
  2169 | D:3      | You fall into a shaft and drop 2 floors!
  2169 | D:5      | Entered Level 5 of the Dungeon
  2194 | D:5      | Noticed an ogre
  2213 | D:5      | Killed an ogre
  2213 | D:5      | Reached XP level 5. HP: 28/30 MP: 1/8
  2228 | D:5      | Reached skill level 5 in Ice Magic
  2229 | D:5      | Reached XP level 6. HP: 20/35 MP: 3/10
  2259 | D:5      | Found Hisiz's Antique Weapon Emporium.
  2537 | D:4      | Found Kit Leje's Gadget Boutique.
  2566 | D:4      | Received a gift from Nemelex Xobeh
  2611 | D:4      | Reached XP level 7. HP: 4/40 MP: 4/11
  2888 | D:4      | Noticed Grinder
  2890 | D:4      | Paralysed by Grinder for 4 turns
  2897 | D:4      | Paralysed by Grinder for 7 turns
  2911 | D:4      | Noticed a smoke demon
  2917 | D:4      | Killed from afar by a smoke demon

Illustrated notes

Levels and vault maps discovered:
D:1:      ncdulo_lavacross, layout_basic, nemelex_xobeh_ov_fountains_minmay
D:2:      layout_loops_ring, old_standard_altar, uniq_jessica
D:3:      layout_basic, nicolae_tso_swordbearing_angel,
          nicolae_ru_great_annihilating_truth
D:4:      layout_basic, serial_shops, shop, gup_sewer_entry_spiral,
          wad_woods_river_04, grunt_tough_drop, uniq_grinder
D:5:      layout_rooms, serial_shops, shop, gammafunk_ghost_grave

Skill      XL: |  1  2  3  4  5  6 |
---------------+-------------------+-----
Invocations    | 1 2 |  2.8
Fighting       | 1 2 |  2.7
Shields        | 1 2 |  2.5
Dodging        | 2 |  2.8
Ice Magic      | 5 |  5.6
Spellcasting   | 3 |  3.1
Stealth        | |  2.1

Action                   |  1- 3 |  4- 6 |  7- 9 || total
-------------------------+-------+-------+-------++-------
Melee: Unarmed           |     8 |       |       ||     8
       Dagger            |    26 |    42 |     5 ||    73
Throw: Dart              |       |     4 |       ||     4
 Cast: Freeze            |    33 |    10 |     6 ||    49
       Frozen Ramparts   |     2 |     7 |     6 ||    15
       Ozocubu's Armour  |       |       |     1 ||     1
Invok: Draw Destruction  |     2 |     8 |     2 ||    12
       Draw Summoning    |       |     1 |     1 ||     2
       Draw Escape       |       |     1 |       ||     1
  Use: Scroll            |       |     5 |       ||     5
 Stab: Sleeping          |     1 |     3 |       ||     4
Armor: Robe              |    17 |    19 |     7 ||    43
Dodge: Dodged            |    39 |    35 |     8 ||    82

Table legend: (Time is in decaauts)
 A = Elapsed time spent in this place.
 B = Non-inter-level travel time spent in this place.
 C = Inter-level travel time spent in this place.
 D = Time resting spent in this place.
 E = Time spent auto-exploring this place.
 F = Levels seen in this place.
 G = Mean time per level.
                   A        B        C        D        E       F      G
               +--------+--------+--------+--------+--------+-----+--------+
         Total |   2918 |   2749 |    169 |     18 |   1775 |   5 |  583.6 |
       Dungeon |   2918 |   2749 |    169 |     18 |   1775 |   5 |  583.6 |
               +--------+--------+--------+--------+--------+-----+--------+
